MLB
SAN DIEGO PADRES @ ARIZONA DIAMONDBACKS
09/08/2044
 
TOP OF THE 1ST
San Diego Padres batting - Pitching for Arizona Diamondbacks : RHP Tong-myeon Moon
Pitching: RHP Tong-myeon Moon
Batting: LHB Kevin Bellman 0-0: Ball
1-0: Foul Ball, location: 2F
1-1: Ball
2-1: Fly out, F8 (Line Drive, 8RM, EV 96.3 MPH)
Batting: RHB Bobby Ayala 0-0: Called Strike
0-1: Ball
1-1: Ball
2-1: Swinging Strike
2-2: Foul Ball, location: 2F
2-2: Foul Ball, location: 2F
2-2: Ground out 6-3 (Groundball, 6, EV 85.6 MPH)
Batting: SHB Jerry Luckwell 0-0: Ball
1-0: SOLO HOME RUN (Flyball, 7D, EV 96.9 MPH), Distance : 367 ft
Batting: LHB Mike Holt 0-0: Ball
1-0: Ball
2-0: Ball
3-0: Called Strike
3-1: Base on Balls
Batting: LHB Xavier Pittman Pickoff Throw to First - Error! E1
Mike Holt to second
0-0: Ground out 4-3 (Groundball, 34D, EV 98.1 MPH)
Top of the 1st over - 1 run, 1 hit, 1 error, 1 left on base; San Diego 1 - Arizona 0
BOTTOM OF THE 1ST
Arizona Diamondbacks batting - Pitching for San Diego Padres : RHP Adam Thompson
Pitching: RHP Adam Thompson
Batting: LHB Roy Steigerwald 0-0: Swinging Strike
0-1: Called Strike
0-2: Ball
1-2: SINGLE (Groundball, 3S, EV 66.9 MPH) (infield hit)
Batting: RHB David Price Jr. 0-0: Ball
1-0: Foul Ball, location: 2F
1-1: Fly out, F9 (Flyball, 89S, EV 89.4 MPH)
Batting: LHB Eric Klasek 0-0: Ball
1-0: Ball
2-0: Foul Ball, location: 2F
2-1: Ball
3-1: Called Strike
3-2: Fly out, F7 (Flyball, 7S, EV 78.8 MPH)
Batting: LHB Danny Dunham 0-0: Ball
1-0: Ball
2-0: DOUBLE (Line Drive, 89M, EV 110.0 MPH)
Roy Steigerwald to third
Runner from 3rd tries for Home, throw by CF and OUT! 8-4-2
Bottom of the 1st over - 0 runs, 2 hits, 0 errors, 1 left on base; San Diego 1 - Arizona 0
TOP OF THE 2ND
San Diego Padres batting - Pitching for Arizona Diamondbacks : RHP Tong-myeon Moon
Batting: RHB Chiel Palstermans 0-0: Swinging Strike
0-1: Ball
1-1: Foul Ball, location: 2F
1-2: Ball
2-2: Strikes out looking
Batting: RHB Alois Wollf 0-0: Foul Ball, location: 2F
0-1: Ball
1-1: Called Strike
1-2: Fly out, F8 (Flyball, 8RD, EV 94.4 MPH)
Batting: LHB Andy Bowman 0-0: Called Strike
0-1: Ball
1-1: Swinging Strike
1-2: Ball
2-2: Ground out 6-3 (Groundball, 6MS, EV 87.5 MPH)
Top of the 2nd over - 0 runs, 0 hits, 0 errors, 0 left on base; San Diego 1 - Arizona 0
BOTTOM OF THE 2ND
Arizona Diamondbacks batting - Pitching for San Diego Padres : RHP Adam Thompson
Batting: SHB Perry Tuckfard 0-0: Ball
1-0: Called Strike
1-1: Ball
2-1: Ball
3-1: Called Strike
3-2: Base on Balls
Batting: LHB Kyle Beaulieu 0-0: Ball
1-0: Ball
2-0: Called Strike
2-1: Grounds out, U3 (Groundball, 3L, EV 106.3 MPH)
Batting: SHB Troy McClure 0-0: Foul Ball, location: 2F
0-1: Called Strike
0-2: Strikes out swinging
Batting: RHB Jon Solano 0-0: 2-RUN HOME RUN (Flyball, 7LD, EV 93.1 MPH), Distance : 336 ft
Batting: RHB Mario Soto 0-0: Ball
1-0: Ball
2-0: Ball
3-0: Base on Balls
Batting: LHB Roy Steigerwald 0-0: Ground out 1-3 (Groundball, 15, EV 66.3 MPH)
Bottom of the 2nd over - 2 runs, 1 hit, 0 errors, 1 left on base; San Diego 1 - Arizona 2
TOP OF THE 3RD
San Diego Padres batting - Pitching for Arizona Diamondbacks : RHP Tong-myeon Moon
Batting: LHB Joseph Martin 0-0: Foul Ball, location: 2F
0-1: Called Strike
0-2: DOUBLE (Flyball, 8LXD, EV 100.6 MPH)
Batting: LHB Kevin Bellman 0-0: SINGLE (Line Drive, 9LS, EV 95.0 MPH)
Joseph Martin to third
Runner from 3rd tries for Home, throw by RF and OUT! 9-2
Kevin Bellman to second
Batting: RHB Bobby Ayala 0-0: Swinging Strike
0-1: Foul Ball, location: 2F
0-2: Strikes out swinging
Batting: SHB Jerry Luckwell 0-0: Ball
1-0: Called Strike
1-1: Ball
2-1: Fly out, F8 (Flyball, 8LXD, EV 75.0 MPH)
Top of the 3rd over - 0 runs, 2 hits, 0 errors, 1 left on base; San Diego 1 - Arizona 2
BOTTOM OF THE 3RD
Arizona Diamondbacks batting - Pitching for San Diego Padres : RHP Adam Thompson
Batting: RHB David Price Jr. 0-0: Ball
1-0: Ball
2-0: Foul Ball, location: 2F
2-1: Foul Ball, location: 2F
2-2: Strikes out swinging
Batting: LHB Eric Klasek 0-0: Called Strike
0-1: Fly out, F9 (Line Drive, 9, EV 98.8 MPH)
Batting: LHB Danny Dunham 0-0: Swinging Strike
0-1: Ball
1-1: Called Strike
1-2: Strikes out swinging
Bottom of the 3rd over - 0 runs, 0 hits, 0 errors, 0 left on base; San Diego 1 - Arizona 2
TOP OF THE 4TH
San Diego Padres batting - Pitching for Arizona Diamondbacks : RHP Tong-myeon Moon
Batting: LHB Mike Holt 0-0: Ball
1-0: Fly out, F6 (Flyball, 6D, EV 91.9 MPH)
Batting: LHB Xavier Pittman 0-0: Called Strike
0-1: DOUBLE (Flyball, 8RXD, EV 109.4 MPH)
Batting: RHB Chiel Palstermans 0-0: Ball
1-0: Foul Ball, location: 2F
1-1: Ball
2-1: Foul Ball, location: 2F
2-2: Foul Ball, location: 2F
2-2: Foul Ball, location: 2F
2-2: DOUBLE (Flyball, 89D, EV 98.1 MPH)
Xavier Pittman scores
Batting: RHB Alois Wollf 0-0: Called Strike
0-1: Ground out 5-3 (Groundball, 5S, EV 80.6 MPH)
Batting: LHB Andy Bowman 0-0: Ground out 4-3 (Groundball, 4, EV 85.6 MPH)
Top of the 4th over - 1 run, 2 hits, 0 errors, 1 left on base; San Diego 2 - Arizona 2
BOTTOM OF THE 4TH
Arizona Diamondbacks batting - Pitching for San Diego Padres : RHP Adam Thompson
Batting: SHB Perry Tuckfard 0-0: Swinging Strike
0-1: Foul Ball, location: 2F
0-2: Ball
1-2: Foul Ball, location: 2F
1-2: Ball
2-2: Strikes out swinging
Batting: LHB Kyle Beaulieu 0-0: Foul Ball, location: 2F
0-1: Ground out U3 (Groundball, 3, EV 103.8 MPH)
Batting: SHB Troy McClure 0-0: Ball
1-0: Swinging Strike
1-1: Called Strike
1-2: Foul Ball, location: 2F
1-2: Strikes out swinging
Bottom of the 4th over - 0 runs, 0 hits, 0 errors, 0 left on base; San Diego 2 - Arizona 2
TOP OF THE 5TH
San Diego Padres batting - Pitching for Arizona Diamondbacks : RHP Tong-myeon Moon
Batting: LHB Joseph Martin 0-0: Ball
1-0: Ball
2-0: SINGLE (Groundball, 34D, EV 100.6 MPH)
Batting: LHB Kevin Bellman 0-0: Swinging Strike
0-1: Called Strike
0-2: Ball
1-2: Ball
2-2: Ball
3-2: Base on Balls
Joseph Martin to second
Batting: RHB Bobby Ayala 0-0: 3-RUN HOME RUN (Flyball, 78XD, EV 99.4 MPH), Distance : 413 ft
Batting: SHB Jerry Luckwell 0-0: Ground out 6-3 (Groundball, 56, EV 78.8 MPH)
Batting: LHB Mike Holt 0-0: Ball
1-0: Called Strike
1-1: Ball
2-1: Ball
3-1: Foul Ball, location: 2F
3-2: Strikes out swinging
Batting: LHB Xavier Pittman 0-0: Called Strike
0-1: Foul Ball, location: 2F
0-2: Ball
1-2: Foul Ball, location: 2F
1-2: Foul Ball, location: 2F
1-2: Fly out, F8 (Flyball, 78XD, EV 93.8 MPH)
Top of the 5th over - 3 runs, 2 hits, 0 errors, 0 left on base; San Diego 5 - Arizona 2
BOTTOM OF THE 5TH
Arizona Diamondbacks batting - Pitching for San Diego Padres : RHP Adam Thompson
Batting: RHB Jon Solano 0-0: Ball
1-0: Ground out 6-3 (Groundball, 6, EV 80.0 MPH)
Batting: RHB Mario Soto 0-0: Ball
1-0: Swinging Strike
1-1: Swinging Strike
1-2: Fly out, F8 (Flyball, 8LD, EV 97.5 MPH)
Batting: LHB Roy Steigerwald 0-0: Ball
1-0: Ball
2-0: Fly out, F3 (Popup, 34, EV 65.0 MPH)
Bottom of the 5th over - 0 runs, 0 hits, 0 errors, 0 left on base; San Diego 5 - Arizona 2
TOP OF THE 6TH
San Diego Padres batting - Pitching for Arizona Diamondbacks : RHP Tong-myeon Moon
Batting: RHB Chiel Palstermans 0-0: SINGLE (Flyball, 6D, EV 91.9 MPH)
Batting: RHB Alois Wollf 0-0: Foul Ball, location: 2F
0-1: SINGLE (Flyball, 3D, EV 93.1 MPH)
Chiel Palstermans to second
Runner from 2nd tries for 3rd, OUT! 9-5
Batting: LHB Andy Bowman 0-0: Ball
1-0: Called Strike
1-1: Swinging Strike
1-2: Strikes out swinging
Batting: LHB Joseph Martin 0-0: Ball
1-0: Fly out, F7 (Flyball, 7S, EV 81.3 MPH)
Top of the 6th over - 0 runs, 2 hits, 0 errors, 1 left on base; San Diego 5 - Arizona 2
BOTTOM OF THE 6TH
Arizona Diamondbacks batting - Pitching for San Diego Padres : RHP Adam Thompson
Batting: RHB David Price Jr. 0-0: Foul Ball, location: 2F
0-1: Ball
1-1: Foul Ball, location: 2F
1-2: Ball
2-2: Ball
3-2: Foul Ball, location: 2F
3-2: SINGLE (Line Drive, 3D, EV 110.0 MPH)
Batting: LHB Eric Klasek 0-0: Ball
1-0: Called Strike
David Price Jr. steals 2nd base
1-1: Called Strike
1-2: DOUBLE (Flyball, 89XD, EV 99.4 MPH)
David Price Jr. scores
Batting: LHB Danny Dunham 0-0: Ball
1-0: Foul Ball, location: 2F
1-1: DOUBLE (Line Drive, 78M, EV 102.5 MPH)
Eric Klasek scores
Batting: SHB Perry Tuckfard 0-0: Ball
1-0: Foul Ball, location: 2F
1-1: Ball
2-1: Swinging Strike
2-2: Foul Ball, location: 2F
2-2: Strikes out swinging
Batting: LHB Kyle Beaulieu 0-0: Called Strike
0-1: Fly out, F5 (Popup, 25, EV 90.6 MPH)
Batting: SHB Troy McClure 0-0: Ball
1-0: Swinging Strike
1-1: Called Strike
1-2: Foul Ball, location: 2F
1-2: Strikes out swinging
Bottom of the 6th over - 2 runs, 3 hits, 0 errors, 1 left on base; San Diego 5 - Arizona 4
TOP OF THE 7TH
San Diego Padres batting - Pitching for Arizona Diamondbacks : RHP Tong-myeon Moon
Batting: LHB Kevin Bellman 0-0: Called Strike
0-1: Ball
1-1: Fly out, F8 (Flyball, 8LM, EV 78.1 MPH)
Batting: RHB Bobby Ayala 0-0: Ball
1-0: Ground out 5-3 (Groundball, 5, EV 88.8 MPH)
Batting: SHB Jerry Luckwell 0-0: Foul Ball, location: 2F
0-1: Called Strike
0-2: Ball
1-2: Ball
2-2: Ball
3-2: DOUBLE (Line Drive, 89XD, EV 106.9 MPH)
Batting: LHB Mike Holt 0-0: Ball
1-0: Swinging Strike
1-1: Ball
2-1: Foul Ball, location: 2F
2-2: Ball
3-2: Base on Balls
Pitching: RHP Willie Nieto
Batting: LHB Xavier Pittman 0-0: Ground out 4-3 (Groundball, 4, EV 96.3 MPH)
Top of the 7th over - 0 runs, 1 hit, 0 errors, 2 left on base; San Diego 5 - Arizona 4
BOTTOM OF THE 7TH
Arizona Diamondbacks batting - Pitching for San Diego Padres : RHP Adam Thompson
Batting: RHB Jon Solano 0-0: Ground out 4-3 (Groundball, 4, EV 88.1 MPH)
Batting: RHB Mario Soto 0-0: SINGLE (Line Drive, 34D, EV 100.6 MPH)
Pitching: LHP Tommy Hall
Pinch Hitting: RHB Blake Ballard 0-0: Called Strike
0-1: Foul Ball, location: 2F
0-2: Ball
1-2: Ball
2-2: Foul Ball, location: 2F
2-2: Ball
3-2: Foul Ball, location: 2F
3-2: Strikes out looking
Batting: RHB David Price Jr. 0-0: Ball
1-0: Swinging Strike
1-1: Foul Ball, location: 2F
1-2: Strikes out swinging
Bottom of the 7th over - 0 runs, 1 hit, 0 errors, 1 left on base; San Diego 5 - Arizona 4
TOP OF THE 8TH
San Diego Padres batting - Pitching for Arizona Diamondbacks : RHP Willie Nieto
Now in CF: Blake Ballard
Batting: RHB Chiel Palstermans 0-0: Ball
1-0: SINGLE (Flyball, 89S, EV 95.0 MPH)
Batting: RHB Alois Wollf 0-0: Ball
1-0: Ball
2-0: Ball
3-0: Called Strike
3-1: Ground out 5-3 (Groundball, 56S, EV 79.4 MPH)
Chiel Palstermans to second
Batting: LHB Andy Bowman 0-0: Intentional Walk
Batting: LHB Joseph Martin 0-0: Called Strike
0-1: Ball
1-1: Ball
2-1: Ball
3-1: Called Strike
3-2: Foul Ball, location: 2F
3-2: Foul Ball, location: 2F
3-2: Base on Balls
Chiel Palstermans to third
Andy Bowman to second
Batting: LHB Kevin Bellman 0-0: Ball
1-0: Ball
2-0: Ball
3-0: Called Strike
3-1: GRAND SLAM HOME RUN (Flyball, 89XD, EV 96.3 MPH), Distance : 386 ft
Pitching: RHP Gerardo Camacho
Batting: RHB Bobby Ayala 0-0: Foul Ball, location: 2F
0-1: Ball
1-1: Ball
2-1: Ground out U3 (Groundball, 3, EV 108.1 MPH)
Batting: SHB Jerry Luckwell 0-0: Ball
1-0: Ball
2-0: Ball
3-0: Called Strike
3-1: Base on Balls
Batting: LHB Mike Holt 0-0: Ground out 4-3 (Groundball, 4, EV 85.0 MPH)
Top of the 8th over - 4 runs, 2 hits, 0 errors, 1 left on base; San Diego 9 - Arizona 4
BOTTOM OF THE 8TH
Arizona Diamondbacks batting - Pitching for San Diego Padres : LHP Tommy Hall
Batting: LHB Eric Klasek 0-0: Called Strike
0-1: Ball
1-1: Called Strike
1-2: Strikes out swinging
Pinch Hitting: RHB Fabrice Bertin 0-0: Called Strike
0-1: Ground out 6-3 (Groundball, 6, EV 103.8 MPH)
Batting: SHB Perry Tuckfard 0-0: Foul Ball, location: 2F
0-1: Called Strike
0-2: Ball
1-2: Strikes out swinging
Bottom of the 8th over - 0 runs, 0 hits, 0 errors, 0 left on base; San Diego 9 - Arizona 4
TOP OF THE 9TH
San Diego Padres batting - Pitching for Arizona Diamondbacks : RHP Gerardo Camacho
Now at 1B: Fabrice Bertin
Batting: LHB Xavier Pittman 0-0: Ball
1-0: Ball
2-0: Foul Ball, location: 2F
2-1: Foul Ball, location: 2F
2-2: SINGLE (Groundball, 34S, EV 67.5 MPH) (infield hit)
Batting: RHB Chiel Palstermans 0-0: Called Strike
0-1: Swinging Strike
0-2: Strikes out looking
Batting: RHB Alois Wollf 0-0: Called Strike
0-1: Grounds into double play, 6-4-3 (Groundball, 6, EV 96.3 MPH)
Top of the 9th over - 0 runs, 1 hit, 0 errors, 0 left on base; San Diego 9 - Arizona 4
BOTTOM OF THE 9TH
Arizona Diamondbacks batting - Pitching for San Diego Padres : LHP Tommy Hall
Pinch Hitting: RHB Shiro Suehiro 0-0: Foul Ball, location: 2F
0-1: Foul Ball, location: 2F
0-2: Foul Ball, location: 2F
0-2: Ground out 5-3 (Groundball, 56, EV 83.8 MPH)
Batting: SHB Troy McClure 0-0: Ball
1-0: Foul Ball, location: 2F
1-1: Foul Ball, location: 2F
1-2: Strikes out swinging
Pitching: LHP Jason Breeden
Batting: RHB Jon Solano 0-0: Called Strike
0-1: DOUBLE (Line Drive, 3D, EV 104.4 MPH)
Batting: RHB Mario Soto 0-0: Ground out 5-3 (Groundball, 5S, EV 68.1 MPH)
Bottom of the 9th over - 0 runs, 1 hit, 0 errors, 1 left on base; San Diego 9 - Arizona 4
Thursday, March 31st , 2022 - OOTP Baseball 22.12 Build 89